 Dungeon Crawl Stone Soup version 0.30-a0-121-gb27577e5d9 (webtiles) character file.

Game seed: 4111377242820810282

8414 ragingrage the Cleaver (level 10, -6/77 HPs)
             Began as a Demigod Wanderer on Sept 14, 2022.
             Mangled by an orc warrior
             ... wielding a +0 glaive
              (14 damage)
             ... on level 10 of the Dungeon.
             The game lasted 00:10:53 (13840 turns).

ragingrage the Cleaver (Demigod Wanderer)          Turns: 13840, Time: 00:10:54

Health: -6/77      AC: 12    Str: 24    XL:     10   Next: 84%
Magic:  0/13       EV:  9    Int: 29    God:
Gold:   97         SH:  0    Dex: 11    Spells: 5/9 levels left

rFire   + . .      SeeInvis .    a - +0 hand axe (venom)
rCold   + . .      Faith    .    (no shield)
rNeg    . . .      Spirit   +    i - +0 chain mail
rPois   .          Reflect  .    l - +0 helmet
rElec   .          Harm     .    P - scarf {rC+ rF+}
rCorr   .          Rampage  .    (no gloves)
Will    +....                    I - +0 pair of boots
Stlth   ..........               e - amulet of guardian spirit
HPRegen 0.22/turn                R - +6 ring of intelligence
MPRegen 0.13/turn                u - +6 ring of intelligence

@: hasted, very quick
A: high MP 1, forlorn, divine attributes
a: no special abilities


You were on level 10 of the Dungeon.
You visited 1 branch of the dungeon, and saw 10 of its levels.

You collected 609 gold pieces.
You spent 512 gold pieces at shops.

Inventory:

Hand Weapons
 a - a +0 hand axe of venom (weapon)
 b - a +1 vorpal hand axe
 r - a +3 flail of freezing
 t - a +0 sling
 F - a +2 hand axe
 Q - a +0 whip of flaming
Missiles
 x - 3 curare-tipped darts (quivered)
 G - 18 poisoned darts
 S - a throwing net
Armour
 i - a +0 chain mail (worn)
 l - a +0 helmet (worn)
 I - a +0 pair of boots (worn)
 K - a +0 troll leather armour
 P - a scarf of resistance (worn)
Magical Staves
 T - a staff of earth
Jewellery
 e - an amulet of guardian spirit (around neck)
 k - a ring of protection from fire
 u - a +6 ring of intelligence (right hand)
 v - a ring of resist corrosion
 R - a +6 ring of intelligence (left hand)
Wands
 y - a wand of light (13)
 B - a wand of digging (11)
 J - a wand of iceblast (30)
 L - a wand of flame (16)
Scrolls
 c - 2 scrolls of magic mapping
 d - 3 scrolls of blinking
 h - 2 scrolls of fear {unknown}
 m - a scroll of enchant armour {unknown}
 q - 9 scrolls of teleportation
 s - 2 scrolls of poison {unknown}
 w - 3 scrolls of immolation {unknown}
 A - 4 scrolls of vulnerability {unknown}
 E - a scroll of fog {unknown}
 M - 3 scrolls of enchant weapon {unknown}
 U - a scroll of identify
Potions
 f - 3 potions of brilliance
 g - 3 potions of lignification
 j - 7 potions of curing
 n - a potion of invisibility
 o - 4 potions of might
 z - a potion of cancellation
 C - a potion of flight {unknown}
 D - a potion of mutation {unknown}
 H - 2 potions of attraction {unknown}
 N - a potion of degeneration
 O - a potion of berserk rage {unknown}


   Skills:
 + Level 3.1 Fighting
 - Level 14.0 Axes
 - Level 1.0 Ranged Weapons
 + Level 5.7 Armour
 + Level 3.1 Dodging
 - Level 1.0 Stealth
 + Level 3.1 Earth Magic
 + Level 3.1 Evocations


You had 5 spell levels left.
You knew the following spells:

 Your Spells              Type           Power      Damage    Failure   Level
a - Animate Armour        Summ/Erth      18%        N/A       98%         4

Your spell library contained the following spells:

 Spells                   Type           Power      Damage    Failure   Level
 Cigotuvi's Dreadful Rot  Necr/Pois/Air  0%         N/A       71%         2
 Ensorcelled Hibernation  Hex/Ice        0%         N/A       71%         2
 Stone Arrow              Conj/Erth      18%        3d8       73%         3
 Spider Form              Tmut/Pois      0%         N/A       90%         3
 Anguish                  Hex/Necr       0%         N/A       100%        4
 Dispel Undead            Necr           0%         3d6       100%        4
 Alistair's Intoxication  Tmut/Pois      0%         N/A       100%        5
 Borgnjor's Vile Clutch   Necr/Erth      4%         N/A       100%        5
 Death Channel            Necr           0%         N/A       100%        6
 Eringya's Noxious Bog    Tmut/Pois      0%         N/A       100%        6
 Malign Gateway           Summ/Tloc      0%         N/A       100%        7
 Lehudib's Crystal Spear  Conj/Erth      4%         10d3      100%        8
 Summon Horrible Things   Summ           0%         N/A       100%        8


Dungeon Overview and Level Annotations

Branches:
Dungeon (10/15)            Temple (0/1) D:4            Lair (0/5) D:10
    Orc (0/2) D:10

Shops:
D:8 [

Annotations:
D:1 2 runed translucent doors
D:4 1 transporter, Newt's ghost, novice DsGl
D:10 exclusion: obsidian statue


Innate Abilities, Weirdness & Mutations

You have an increased reservoir of magic. (+10% MP)
You shall have no god before yourself.
Your divine heritage dramatically boosts your attributes as you level up.


Message History

You hit the orc wizard. The orc warrior misses you.
The orc wizard barely misses you.
The orc priest hits you but does no damage.
You hit the orc priest but do no damage.
The orc priest is moderately wounded.
You miss the orc wizard.
You hit the orc priest but do no damage.
The orc priest is moderately wounded.
You hit the orc wizard.
You kill the orc wizard!
The orc warrior hits you from afar with a +0 glaive!
The orc priest hits you but does no damage.
Your +0 hand axe of venom begins to drip with poison!
a - a +0 hand axe of venom (weapon)
You completely miss the orc priest.
The orc priest is moderately wounded.
The orc warrior hits you but does no damage.
The orc priest hits you with a +0 dagger.
The orc warrior hits you with a +0 glaive!
The orc priest hits you but does no damage.
Items here: ! )) [[ †.
You hit the orc warrior but do no damage.
The orc warrior is poisoned.
You hit the orc priest but do no damage.
The orc priest is poisoned.
The orc warrior closely misses you.
The orc priest mumbles some strange prayers to Beogh against you.
Beogh smites you!
* * * LOW HITPOINT WARNING * * *
You hit the orc warrior but do no damage.
The orc warrior looks even sicker.
You hit the orc.
The orc is poisoned.
You hit the orc priest.
The orc priest looks even sicker.
It was a potion of cancellation.
You feel magically purged.
You kill the orc!
The orc warrior hits you with a +0 glaive!
* * * LOW HITPOINT WARNING * * *
The orc priest hits you but does no damage.
It was a potion of haste.
You feel yourself speed up.
You kill the orc priest!
The orc warrior hits you with a +0 glaive!
You die...

..######.......#
...............#
...............#
###########........#
..........####.....#
.......#..#..#.....#
......!#..#..#..####
..>...)))..(.#..#
#.....o@).#..#..#
..........##'#..#
.........$#.....#
###########.....#
#.....# #.....#
#.....# #.....#
#......


You could see an orc warrior (very poisoned).

Vanquished Creatures
  A boulder beetle (D:9)
  A two-headed ogre (D:10)
  Pikel (D:7)
  2 trolls
  A hornet (D:8)
  A wyvern (D:9)
  12 yaks (D:10)
  3 steam dragons
  2 water moccasins
  2 black bears
  An ice beast (D:5)
  3 orc warriors
  2 sky beasts
  2 centaurs
  2 ogres
  A lemure (D:7)
  A phantom (D:4)
  A kobold brigand (D:9)
  2 bullfrogs (D:9)
  3 necrophages
  3 scorpions
  8 wights
  9 killer bees
  A howler monkey (D:6)
  3 hounds
  3 jellies
  8 orc priests
  A gnoll bouda (D:7)
  3 iron imps (D:9)
  2 iguanas (D:6)
  Ijyb (D:3)
  Natasha (twice) (D:3)
  7 orc wizards
  9 gnolls
  5 adders
  A shadow imp (D:6)
  A white imp (D:8)
  2 worms (D:2)
  3 dart slugs
  30 orcs
  5 ball pythons
  4 endoplasms
  2 giant cockroaches
  6 goblins
  6 hobgoblins
  11 kobolds
  2 quokkas
  4 bats
  3 frilled lizards
  5 rats
  A spectral orc (D:7)
195 creatures vanquished.

Vanquished Creatures (others)
  Psyche (D:10)
1 creature vanquished.

Grand Total: 196 creatures vanquished

Notes
Turn   | Place    | Note
-------+----------+-------------------------------------------
     0 | D:1      | ragingrage the Demigod Wanderer began the quest for the
                  | Orb.
     0 | D:1      | ragingrage set off with the following items: a +2 hand axe,
                  | a +0 sling, a +0 scale mail, a scroll of blinking.
     0 | D:1      | Reached XP level 1. HP: 14/14 MP: 3/3
    62 | D:1      | Reached skill level 3 in Axes
    75 | D:1      | Found a large runed translucent door.
    75 | D:1      | Found a large runed translucent door.
   147 | D:1      | Noticed a troll
   355 | D:1      | Reached XP level 2. HP: 19/20 MP: 4/4
  1785 | D:2      | Reached skill level 4 in Axes
  1785 | D:2      | Reached XP level 3. HP: 26/26 MP: 3/5
  2180 | D:3      | Noticed Ijyb
  2628 | D:4      | Noticed a black bear
  2784 | D:3      | Noticed Natasha
  2866 | D:3      | Killed Natasha
  2867 | D:3      | Reached XP level 4. HP: 8/33 MP: 1/6
  3086 | D:4      | Noticed a phantom
  3097 | D:4      | Found a staircase to the Ecumenical Temple.
  3102 | D:4      | Killed a phantom
  3103 | D:4      | Reached skill level 5 in Axes
  3103 | D:4      | Reached XP level 5. HP: 12/38 MP: 3/7
  3568 | D:4      | Found a transporter.
  3569 | D:4      | Noticed Newt's ghost (novice DsGl)
  3634 | D:4      | You fall into a shaft and drop 2 floors!
  3731 | D:6      | Noticed a steam dragon
  3766 | D:5      | Entered Level 5 of the Dungeon
  3829 | D:4      | Reached skill level 6 in Axes
  3841 | D:4      | Killed a black bear
  3842 | D:4      | Reached XP level 6. HP: 30/45 MP: 8/8
  4201 | D:5      | Reached skill level 7 in Axes
  4421 | D:3      | Noticed Natasha
  4430 | D:3      | Killed Natasha
  4541 | D:3      | Paralysed by Ijyb for 5 turns
  4563 | D:3      | Killed Ijyb
  4921 | D:5      | Reached XP level 7. HP: 40/50 MP: 7/9
  5054 | D:5      | Reached skill level 8 in Axes
  5554 | D:5      | Learned a level 4 spell: Animate Armour
  5989 | D:6      | Killed a steam dragon
  5990 | D:6      | Reached skill level 9 in Axes
  6143 | D:6      | Reached XP level 8. HP: 46/57 MP: 8/10
  6489 | D:6      | Noticed a troll
  6617 | D:6      | Reached skill level 10 in Axes
  6942 | D:6      | Killed a troll
  7174 | D:6      | Reached skill level 11 in Axes
  7986 | D:7      | Noticed a troll
  7995 | D:7      | Killed a troll
  7996 | D:7      | Reached XP level 9. HP: 34/62 MP: 7/11
  8395 | D:7      | Reached skill level 12 in Axes
  9512 | D:8      | Paralysed by a hornet for 2 turns
  9525 | D:8      | Reached skill level 13 in Axes
  9713 | D:8      | Found Ubotuj's Armour Shoppe.
  9722 | D:8      | Bought a scarf of resistance for 512 gold pieces
  9821 | D:8      | Noticed Pikel
 10172 | D:7      | Killed Pikel
 10819 | D:9      | Reached XP level 10. HP: 23/69 MP: 8/13
 11254 | D:9      | Reached skill level 14 in Axes
 11537 | D:9      | Noticed a boulder beetle
 11556 | D:9      | Killed a boulder beetle
 11557 | D:9      | Reached skill level 1 in Fighting
 11557 | D:9      | Reached skill level 1 in Dodging
 11557 | D:9      | Reached skill level 1 in Earth Magic
 11557 | D:9      | Reached skill level 1 in Evocations
 12330 | D:10     | Entered Level 10 of the Dungeon
 12330 | D:10     | Noticed Psyche
 12342 | D:10     | Killed Psyche
 12343 | D:10     | Reached skill level 5 in Armour
 12433 | D:10     | Found a staircase to the Lair.
 12458 | D:10     | Noticed a two-headed ogre
 12479 | D:10     | Killed a two-headed ogre
 13034 | D:10     | Noticed an obsidian statue
 13821 | D:10     | Found a staircase to the Orcish Mines.
 13840 | D:10     | Mangled by an orc warrior

Illustrated notes

Levels and vault maps discovered:
D:1:      erik_arrival_cave_to_civilisation [erik_arrival_cave_to_temple],
          layout_basic
D:2:      layout_basic, basic_ecumenical_altar, basic_altar, amethyst_killhole
D:3:      layout_loops_cross, zin_statuary, minmay_strange_pillars, uniq_ijyb,
          uniq_natasha
D:4:      layout_rooms, temple_pool_b, gammafunk_ghost_mausoleum
D:5:      layout_cave_pods, grunt_decor_arrowhead
D:6:      minmay_clustersquares, layout_loops_corners,
          chequers_temple_overflow_statue_of_worship
D:7:      layout_loops_cross, kennysheep_mini_moat,
          yredelemnul_forgotten_temple_becter
D:8:      layout_cave_pools, serial_shops, shop_statue, uniq_pikel
D:9:      layout_basic, demons_altar
D:10:     minmay_statue_hallways, layout_irregular_city, erik_orc_1, uniq_psyche

Skill      XL: |  1  2  3  4  5  6  7  8  9 10 |
---------------+-------------------------------+-----
Axes           | 3 4 5 6 7 9 11 13 14 | 14.0
Fighting       | 3 |  3.1
Dodging        | 3 |  3.1
Earth Magic    | 3 |  3.1
Evocations     | 3 |  3.1
Armour         | 5 |  5.7
Ranged Weapons | |  1.0
Stealth        | |  1.0

Action                   |  1- 3 |  4- 6 |  7- 9 | 10-12 || total
-------------------------+-------+-------+-------+-------++-------
Melee: Hand axe          |   113 |   142 |   459 |   284 ||   998
       Punch             |     3 |     6 |     9 |     3 ||    21
 Fire: Sling             |     3 |       |       |       ||     3
Throw: Dart              |       |     1 |     8 |     3 ||    12
Evoke: Wand              |       |       |     1 |       ||     1
  Use: Potion            |       |       |     1 |     2 ||     3
       Scroll            |       |       |       |     6 ||     6
 Stab: Invisible         |       |       |     3 |       ||     3
Armor: Scale mail        |    23 |       |       |       ||    23
       Chain mail        |    49 |    98 |   199 |    70 ||   416
Dodge: Dodged            |    31 |    48 |   154 |    63 ||   296

Table legend: (Time is in decaauts)
 A = Elapsed time spent in this place.
 B = Non-inter-level travel time spent in this place.
 C = Inter-level travel time spent in this place.
 D = Time resting spent in this place.
 E = Time spent auto-exploring this place.
 F = Levels seen in this place.
 G = Mean time per level.
                   A        B        C        D        E       F      G
               +--------+--------+--------+--------+--------+-----+--------+
         Total |  13635 |  13126 |    509 |   2622 |   8608 |  10 | 1363.5 |
       Dungeon |  13635 |  13126 |    509 |   2622 |   8608 |  10 | 1363.5 |
               +--------+--------+--------+--------+--------+-----+--------+

Top non-repeatable levels by time:
     D:6: 2128 daAuts
     D:9: 1715 daAuts
     D:7: 1429 daAuts
    D:10: 1425 daAuts
     D:2: 1323 daAuts
     D:8: 1235 daAuts
     D:1: 1175 daAuts
     D:5: 1157 daAuts
     D:4: 1109 daAuts
     D:3: 935 daAuts
